 Dungeon Crawl Stone Soup version 0.28-a0-1033-g1a2f33fa85 (webtiles) character file.

Game seed: 16918867353663086567

18 bearlyready the Ruffian (level 2, 0/29 HPs)
             Began as a Troll Monk on Dec 7, 2021.
             Succumbed to a gnoll's poison
             ... on level 1 of the Dungeon.
             The game lasted 00:01:39 (304 turns).

bearlyready the Ruffian (Troll Monk)                 Turns: 304, Time: 00:01:40

Health: 0/29       AC:  4    Str: 18    XL:     2   Next: 48%
Magic:  1/1        EV: 10    Int:  6    God:
Gold:   57         SH:  0    Dex: 12    Spells: 1/1 levels left

rFire   . . .      SeeInvis .     - Unarmed
rCold   . . .      Faith    .   (no shield)
rNeg    . . .      Spirit   .   a - +0 robe
rPois   .          Reflect  .   (helmet restricted)
rElec   .          Harm     .   (no cloak)
rCorr   .          Rampage  .   (gloves unavailable)
Will    .....                   (boots unavailable)
Stlth   ++........              (no amulet)
HPRegen 0.89/turn               (no ring)
MPRegen 0.07/turn               (no ring)

@: lethally poisoned (0 -> -5)
A: large, unfitting armour, claws 3, regeneration 1, shaggy fur 1, tough skin 1
a: no special abilities


You were on level 1 of the Dungeon.
You visited 1 branch of the dungeon, and saw 1 of its levels.

You collected 57 gold pieces.

Inventory:

Hand Weapons
 c - a +0 hunting sling
Missiles
 b - 78 stones (quivered)
Armour
 a - a +0 robe (worn)


   Skills:
 - Level 2.4 Fighting
 - Level 2.4 Dodging
 - Level 1.0 Stealth
 + Level 3.9 Unarmed Combat


You had one spell level left.
You didn't know any spells.
Your spell library was empty.

Dungeon Overview and Level Annotations

Branches:
Dungeon (1/15)

Altars:


Innate Abilities, Weirdness & Mutations

You are too large for most types of armour.
You have claws for hands.
Your natural rate of healing is unusually fast.
You are covered in fur. (AC +1)
You have tough skin. (AC +1)


Message History

The gnoll is severely wounded.
You feel very sick.
The giant cockroach bites you but does no damage.
The gnoll closely misses you. The goblin hits you but does no damage.
You scratch the gnoll.
The gnoll is severely wounded.
You feel sick.
The giant cockroach completely misses you.
The gnoll closely misses you.
You scratch the gnoll but do no damage.
The gnoll is severely wounded.
You feel sick. The goblin hits you but does no damage.
The giant cockroach barely misses you. The giant cockroach closely misses you.
The gnoll hits you with a +0 spear of venom.
You are more poisoned.
You are too injured to fight recklessly!
You are too injured to fight recklessly!
You are too injured to fight recklessly!
You are too injured to fight recklessly!
You are too injured to fight recklessly!
You are too injured to fight recklessly!
You are too injured to fight recklessly!
You are too injured to fight recklessly!
You feel very sick. The goblin barely misses you.
The giant cockroach bites you but does no damage.
The gnoll hits you from afar with a +0 spear of venom.
You are lethally poisoned!
The giant cockroach barely misses you.
* * * LOW HITPOINT WARNING * * *
You feel very sick. The giant cockroach closely misses you.
* * * LOW HITPOINT WARNING * * *
You feel very sick.
* * * LOW HITPOINT WARNING * * *
You feel very sick.
You aren't carrying any potions.
You aren't carrying any scrolls.
Unknown command.
You die...

..........## ##..# #.......# #
...........## ##.#.####.#.....#
#
..##.#....#.###.##.#....#.....#
#
####†#....##.#.###............#
# #†#^...###.##
###.....####.### #.#....# #.#
##.#..##.))†.. #.....K.##.###
#.#..#..#.###
#............#####.#..#.##.#
##.#.#..##...@.............# .#
......#B#####.####.#### .#
#.....#g# #......# #..#..gB#
######## ......K.# .........#
..........# #........##
#.#.....##


You could see a gnoll, 2 giant cockroaches, a goblin and 2 kobolds.

Vanquished Creatures
  A dart slug (D:1)
  3 goblins (D:1)
  2 hobgoblins (D:1)
  A kobold (D:1)
  A quokka (D:1)
  2 ball pythons (D:1)
  2 bats (D:1)
  5 rats (D:1)
17 creatures vanquished.

Notes
Turn   | Place    | Note
-------+----------+-------------------------------------------
     0 | D:1      | bearlyready the Troll Monk began the quest for the Orb.
     0 | D:1      | Reached XP level 1. HP: 22/22 MP: 0/0
   158 | D:1      | Reached XP level 2. HP: 29/29 MP: 1/1
   303 | D:1      | HP: 1/29 [poisoned by a gnoll]
   304 | D:1      | Succumbed to a gnoll's poison

Illustrated notes

Levels and vault maps discovered:
D:1:      minmay_arrival_shattered_statue, layout_loops_cross,
          minmay_rat_gold_closets

Action                   || total
-------------------------++-------
Melee: Unarmed           ||    39
 Stab: Sleeping          ||     4
Armor: Robe              ||    15
Dodge: Dodged            ||    19

Table legend: (Time is in decaauts)
 A = Elapsed time spent in this place.
 B = Non-inter-level travel time spent in this place.
 C = Inter-level travel time spent in this place.
 D = Time resting spent in this place.
 E = Time spent auto-exploring this place.
 F = Levels seen in this place.
 G = Mean time per level.
                   A        B        C        D        E       F      G
               +--------+--------+--------+--------+--------+-----+--------+
         Total |    301 |    301 |      0 |      0 |    190 |   1 |  301.0 |
       Dungeon |    301 |    301 |      0 |      0 |    190 |   1 |  301.0 |
               +--------+--------+--------+--------+--------+-----+--------+

Top non-repeatable levels by time:
     D:1: 301 daAuts
